 Dungeon Crawl Stone Soup version 0.29.1-15-g9cfb28693d (webtiles) character file.

Game seed: 2901124139774902480

199 jtron the Grave Robber (level 5, 0/40 (41) HPs)
             Began as a Gnoll Wanderer on Mar 2, 2023.
             Succumbed to a crimson imp's poison
             ... on level 3 of the Dungeon.
             The game lasted 00:11:24 (3293 turns).

jtron the Grave Robber (Gnoll Wanderer)             Turns: 3293, Time: 00:11:24

HP:   0/40 (41)     AC:  5    Str: 11    XL:     5   Next: 77%
MP:   6/12          EV: 12    Int: 16    God:
Gold: 91            SH:  0    Dex:  9    Spells: 9/14 levels left

rFire   . . .      SeeInvis .   a - +0 dagger (vamp)
rCold   . . .      Faith    .   (no shield)
rNeg    . . .      Spirit   .   c - +0 robe
rPois   .          Reflect  .   q - +0 helmet
rElec   .          Harm     .   (no cloak)
rCorr   .          Rampage  .   j - +1 pair of gloves
Will    .....                   (no boots)
Stlth   ++........              (no amulet)
HPRegen 0.13/turn               (no ring)
MPRegen 0.13/turn               (no ring)

@: lethally poisoned (0 -> -8), lightly drained
A: fangs 1, strong nose, distributed training
a: no special abilities


You were on level 3 of the Dungeon.
You visited 1 branch of the dungeon, and saw 4 of its levels.

You collected 91 gold pieces.

Inventory:

Hand Weapons
 a - a +0 vampiric dagger (weapon)
 f - a +0 club
 m - a +0 hand axe
Missiles
 g - 3 boomerangs (quivered)
 o - a throwing net
 r - 5 javelins
 t - 9 stones
Armour
 c - a +0 robe (worn)
 j - a +1 pair of gloves (worn)
 q - a +0 helmet (worn)
Magical Staves
 s - a staff of air
Scrolls
 l - a scroll of immolation {unknown}
 n - a scroll of magic mapping {unknown}
Potions
 h - a potion of flight {unknown}
 i - a potion of resistance {unknown}
 p - a potion of curing {unknown}
 u - 2 potions of brilliance


   Skills:
 + Level 3.1 Fighting
 + Level 1.7 Short Blades
 + Level 1.7 Long Blades
 + Level 1.7 Axes
 + Level 1.7 Maces & Flails
 + Level 1.7 Polearms
 + Level 1.7 Staves
 + Level 1.7 Ranged Weapons
 + Level 1.7 Throwing
 + Level 1.7 Armour
 + Level 1.7 Dodging
 + Level 2.9 Stealth
 + Level 1.7 Shields
 + Level 1.7 Unarmed Combat
 + Level 5.2 Spellcasting
 + Level 4.0 Conjurations
 + Level 1.3 Hexes
 + Level 1.3 Summonings
 + Level 7.2 Necromancy
 + Level 1.3 Translocations
 + Level 1.3 Transmutations
 + Level 1.3 Fire Magic
 + Level 1.3 Ice Magic
 + Level 1.3 Air Magic
 + Level 1.3 Earth Magic
 + Level 1.3 Poison Magic
 + Level 1.9 Invocations
 + Level 1.7 Evocations


You had 9 spell levels left.
You knew the following spells:

 Your Spells              Type           Power      Damage    Failure   Level
a - Necrotise             Necr           100%       1d9       1%          1
b - Shock                 Conj/Air       48%        1d6       4%          1
c - Vampiric Draining     Necr           27%        2d7       2%          3

Your spell library contained the following spells:

 Spells                   Type           Power      Damage    Failure   Level
 Sublimation of Blood     Necr           27%        N/A       1%          2
 Dispel Undead            Necr           27%        3d13      8%          4
 Wereblood                Tmut           8%         N/A       13%         2
 Mephitic Cloud           Conj/Pois/Air  11%        N/A       19%         3
 Summon Hydra             Summ           4%         N/A       100%        7


Dungeon Overview and Level Annotations

Branches:
Dungeon (4/15)
 Temple: D:4-7

Altars:
Xom
Zin

Shops:
D:1 *

Annotations:
D:4 Edmund, Pikel


Innate Abilities, Weirdness & Mutations

You have very sharp teeth.
Your uncanny sense of smell can sniff out nearby items.
Your experience applies equally to all skills.


Message History

* * * LOW HITPOINT WARNING * * *
The crimson imp burns you.
* * * LOW HITPOINT WARNING * * *
The crimson imp blinks!
Casting: Shock (safe; 4% risk of failure)
Confirm with . or Enter, or press ? or * to list all spells.
Aiming: Shock (safe; 4% risk of failure)
Press: ? - help, Shift-Dir - straight line, f/p - crimson imp
Aim: a crimson imp (52% to hit)
The zap hits the crimson imp but does no damage.
You feel sick.
The crimson imp hits you with a +0 dagger of chaos.
* * * LOW HITPOINT WARNING * * *
Casting: Shock (safe; 4% risk of failure)
Confirm with . or Enter, or press ? or * to list all spells.
Aiming: Shock (safe; 4% risk of failure)
Press: ? - help, Shift-Dir - straight line, f/p - crimson imp
Aim: a crimson imp (52% to hit)
The zap hits the crimson imp.
The crimson imp is moderately wounded.
You feel sick. The crimson imp barely misses you.
You hit the crimson imp but do no damage.
Your bite misses the crimson imp.
The crimson imp blinks!
You feel sick.
You are no longer poisoned.
You barely miss the crimson imp.
The crimson imp shouts, "Flee, thou ducking base-court simpleton!"
The crimson imp misses you.
You barely miss the crimson imp.
The crimson imp blinks! x2
The crimson imp grins evilly.
You hit the crimson imp but do no damage.
You bite the crimson imp.
The crimson imp is lightly wounded.
The crimson imp hits you with a +0 dagger of chaos.
* * * LOW HITPOINT WARNING * * *
You are lethally poisoned!
The crimson imp blinks!
You hit the crimson imp but do no damage.
The crimson imp is lightly wounded.
You die...

#.. ########## #.# ........#
#.# #.....#.# ##.## #
#.###.#.#####...#### #
#.....5........>...###
#..####≈≈≈###.........
##.###..####.≈......≈..^...
.......§...@5..##.##~≈......
#######.###########~≈.5.....
#.# #≈ #≈........ #.#
##≈##......... #.#
#.≈≈..~≈≈..... #.#
##.#≈..≈....... #.#
#...≈≈.≈###.### #.
###....≈≈.# #.# #.......~##
#.#


You could see a crimson imp.

Vanquished Creatures
  2 crimson imps (D:3)
  5 adders
  4 gnolls
  A worm (D:1)
  A dart slug (D:2)
  5 ball pythons
  2 endoplasms (D:1)
  2 giant cockroaches
  5 goblins
  2 hobgoblins
  3 quokkas (D:2)
  4 bats
  2 frilled lizards (D:2)
  5 kobolds
  6 rats
49 creatures vanquished.

Vanquished Creatures (collateral kills)
  A kobold (D:2)
  A rat (D:1)
2 creatures vanquished.

Grand Total: 51 creatures vanquished

Notes
Turn   | Place    | Note
-------+----------+-------------------------------------------
     0 | D:1      | jtron the Gnoll Wanderer began the quest for the Orb.
     0 | D:1      | jtron set off with the following items: a +0 club, a scroll
                  | of fear, a +0 robe, a scroll of fog; and the following
                  | spells available to memorise: Necrotise, Vampiric Draining,
                  | Shock, Dispel Undead, Mephitic Cloud.
     0 | D:1      | Reached XP level 1. HP: 17/17 MP: 6/6
     2 | D:1      | Learned a level 1 spell: Necrotise
     4 | D:1      | Learned a level 1 spell: Shock
   156 | D:1      | Found Jyjauc's General Store.
   264 | D:1      | Reached XP level 2. HP: 23/23 MP: 7/7
   768 | D:2      | Reached skill level 5 in Spellcasting
   768 | D:2      | Reached XP level 3. HP: 25/28 MP: 4/9
   845 | D:2      | Reached skill level 1 in Invocations
   860 | D:2      | Reached skill level 1 in Short Blades
   860 | D:2      | Reached skill level 1 in Long Blades
   860 | D:2      | Reached skill level 1 in Axes
   860 | D:2      | Reached skill level 1 in Maces & Flails
   860 | D:2      | Reached skill level 1 in Polearms
   860 | D:2      | Reached skill level 1 in Staves
   860 | D:2      | Reached skill level 1 in Ranged Weapons
   860 | D:2      | Reached skill level 1 in Throwing
   860 | D:2      | Reached skill level 1 in Armour
   860 | D:2      | Reached skill level 1 in Dodging
   860 | D:2      | Reached skill level 1 in Shields
   860 | D:2      | Reached skill level 1 in Unarmed Combat
   860 | D:2      | Reached skill level 1 in Evocations
   887 | D:2      | Reached XP level 4. HP: 15/34 MP: 6/11
  1226 | D:2      | Found a glowing silver altar of Zin.
  1282 | D:1      | Reached skill level 1 in Hexes
  1282 | D:1      | Reached skill level 1 in Summonings
  1282 | D:1      | Reached skill level 1 in Translocations
  1282 | D:1      | Reached skill level 1 in Transmutations
  1282 | D:1      | Reached skill level 1 in Fire Magic
  1282 | D:1      | Reached skill level 1 in Ice Magic
  1282 | D:1      | Reached skill level 1 in Air Magic
  1282 | D:1      | Reached skill level 1 in Earth Magic
  1282 | D:1      | Reached skill level 1 in Poison Magic
  1909 | D:2      | Learned a level 3 spell: Vampiric Draining
  2128 | D:2      | Reached XP level 5. HP: 28/40 MP: 8/12
  2838 | D:3      | Found a shimmering altar of Xom.
  3082 | D:4      | Noticed a lemure
  3082 | D:4      | Noticed a lemure
  3082 | D:4      | Noticed Edmund
  3082 | D:4      | Noticed a lemure
  3084 | D:4      | Noticed Pikel
  3292 | D:3      | HP: 2/40 [crimson imp/+0 dagger of chaos (1)]
  3293 | D:3      | Succumbed to a crimson imp's poison

Illustrated notes

Levels and vault maps discovered:
D:1:      dpeg_arrival_rooms_a, layout_basic, serial_shops, nicolae_shop_crystal
D:2:      layout_basic, basic_altar
D:3:      layout_loops_ring, led_xom_imps, serial_rivers,
          chequers_serial_rivers_small_b, chequers_serial_rivers_small_3,
          chequers_serial_rivers_marsh, chequers_serial_rivers_large_a,
          uniq_terence
D:4:      layout_loops_ring, mainiacjoe_overflow_concentric_impassable,
          minmay_misc_feat_plants, uniq_menkaure, uniq_pikel, uniq_edmund

Skill      XL: |  1  2  3  4  5 |
---------------+----------------+-----
Spellcasting   | 5 |  5.2
Invocations    | 1 |  1.9
Short Blades   | 1 |  1.7
Long Blades    | 1 |  1.7
Axes           | 1 |  1.7
Maces & Flails | 1 |  1.7
Polearms       | 1 |  1.7
Staves         | 1 |  1.7
Ranged Weapons | 1 |  1.7
Throwing       | 1 |  1.7
Armour         | 1 |  1.7
Dodging        | 1 |  1.7
Shields        | 1 |  1.7
Unarmed Combat | 1 |  1.7
Evocations     | 1 |  1.7
Hexes          | 1 |  1.3
Summonings     | 1 |  1.3
Translocations | 1 |  1.3
Transmutations | 1 |  1.3
Fire Magic     | 1 |  1.3
Ice Magic      | 1 |  1.3
Air Magic      | 1 |  1.3
Earth Magic    | 1 |  1.3
Poison Magic   | 1 |  1.3
Fighting       | 3 |  3.1
Conjurations   | 4 |  4.0
Stealth        | |  2.9
Necromancy     | |  7.2

Action                   |  1- 3 |  4- 6 || total
-------------------------+-------+-------++-------
Melee: Hand axe          |    17 |       ||    17
       Dagger            |    14 |   218 ||   232
       Bite              |     1 |    22 ||    23
       Punch             |       |     3 ||     3
Throw: Boomerang         |     7 |    13 ||    20
 Cast: Necrotise         |    19 |    15 ||    34
       Shock             |     2 |    16 ||    18
  Use: Scroll            |       |     5 ||     5
       Potion            |       |     3 ||     3
 Stab: Sleeping          |       |     2 ||     2
Armor: Robe              |    12 |    85 ||    97
Dodge: Dodged            |    31 |   119 ||   150
